 Dungeon Crawl Stone Soup version 0.28-a0-664-gc179e30c89 (webtiles) character file.

Game seed: 16697891157952000961

270 BlueGoblin the Ducker (level 6, -2/39 HPs)
             Began as an Octopode Brigand on Oct 15, 2021.
             Slain by an ogre (26 damage)
             ... on level 4 of the Dungeon.
             The game lasted 00:05:33 (3836 turns).

BlueGoblin the Ducker (Octopode Brigand)            Turns: 3836, Time: 00:05:34

Health: -2/39      AC:  1    Str: 11    XL:     6   Next: 22%
Magic:  6/6        EV: 11    Int: 13    God:
Gold:   137        SH: 11    Dex: 15    Spells: 5/5 levels left

rFire   . . .      SeeInvis .   a - +2 dagger
rCold   . . .      Faith    .   s - +0 tower shield
rNeg    . . .      Spirit   .   (helmet restricted)
rPois   .          Reflect  .   (no amulet)
rElec   .          Harm     .   (no ring)
rCorr   .          Rampage  .   (no ring)
Will    .....                   (no ring)
Stlth   ++++......              (no ring)
HPRegen 0.13/turn               (no ring)
MPRegen 0.10/turn               (no ring)
                                (no ring)
                                (no ring)

@: no status effects
A: almost no armour, amphibious, 8 rings, camouflage 1, gelatinous body 1,
(nimble swimmer 1), tentacles
a: no special abilities


You were on level 4 of the Dungeon.
You visited 1 branch of the dungeon, and saw 4 of its levels.

You collected 137 gold pieces.

Inventory:

Hand Weapons
 a - a +2 dagger (weapon)
 h - a +0 short sword of holy wrath
Missiles
 b - 34 poisoned darts (quivered)
 c - 2 curare-tipped darts
 i - 201 stones
 j - 27 bolts
Armour
 s - a +0 tower shield (worn)
Wands
 k - a wand of flame (15)
Scrolls
 d - 2 scrolls of magic mapping
 f - 2 scrolls of teleportation {unknown}
 l - a scroll of identify
Potions
 e - a potion of flight
 g - a potion of heal wounds {unknown}
 m - a potion of brilliance {unknown}
 n - a potion of might {unknown}
 p - a potion of curing {unknown}
 q - a potion of berserk rage {unknown}
 r - a potion of attraction {unknown}


   Skills:
 - Level 2.0 Fighting
 - Level 2.0 Short Blades
 - Level 2.0 Throwing
 * Level 5.8 Dodging
 - Level 5.3 Stealth
 * Level 1.3 Shields


You had 5 spell levels left.
You didn't know any spells.
Your spell library contained the following spells:

 Spells                   Type           Power      Damage    Failure   Level
 Passwall                 Tmut/Erth      0%         N/A       100%        2
 Swiftness                Air            0%         N/A       100%        3
 Summon Forest            Summ/Tloc      0%         N/A       100%        5
 Eringya's Noxious Bog    Tmut/Pois      0%         N/A       100%        6
 Invisibility             Hex            0%         N/A       100%        6
 Summon Hydra             Summ           0%         N/A       100%        7


Dungeon Overview and Level Annotations

Branches:
Dungeon (4/15)
 Temple: D:4-7

Altars:
Ru
Uskayaw
Zin

Shops:
D:1 =   D:3 ?*


Innate Abilities, Weirdness & Mutations

You cannot wear most types of armour.
You are amphibious.
You can wear up to eight rings at the same time.
Your skin changes colour to match your surroundings (Stealth+).
Your rubbery body absorbs attacks. (AC +1, EV +1)
((You are camouflaged near water. (Stealth+)))
You have tentacles for arms and can constrict up to eight enemies at once.


Message History

The helpless scorpion fails to defend itself.
You impale the scorpion!!
You kill the scorpion!
Your Shields skill increases to level 1!
You have reached level 6!
Your experience leads to an increase in your attributes!
Increase (S)trength, (I)ntelligence, or (D)exterity?
You feel agile.
No target in view!
f - 2 scrolls labelled HUSIUMNUEDY (gained 1)
An ogre comes into view. It is wielding a +0 giant spiked club.
The ogre shouts!
The ogre barely misses you.
An ogre is nearby!
You closely miss the ogre. Your squeeze misses the ogre.
An ogre is nearby!
You hit the ogre.
The ogre is lightly wounded.
The ogre hits you with a +0 giant spiked club!
The ogre misses you.
You barely miss the ogre.
The ogre is lightly wounded.
The ogre barely misses you.
You barely miss the ogre. Your squeeze misses the ogre.
The ogre is lightly wounded.
You block the ogre's attack.
You hit the ogre.
The ogre is lightly wounded.
You block the ogre's attack.
You hit the ogre.
The ogre is moderately wounded.
The ogre closely misses you.
You barely miss the ogre.
The ogre is moderately wounded.
The ogre hits you with a +0 giant spiked club.
You hit the ogre but do no damage.
The ogre is moderately wounded.
The ogre hits you with a +0 giant spiked club!!
Ouch! That really hurt!
You die...

.# #.# #######.#####.# .#
#.# #.# ##.## .# #.# #.#
##...## .# ..#
########.###.....## .#
#.####.................###
..
.........................
####.##.#####.........# #
##.#####..#......# #
#..@O..#..##......##
##.###.#..##........ ###
#..##.##...##
...##.###.###
#............. #...
#.###.### ... #.### #....
######


You could see an ogre.

Vanquished Creatures
  2 scorpions
  An iguana (D:3)
  A gnoll (D:1)
  3 adders
  An ufetubus (D:4)
  A worm (D:2)
  4 dart slugs
  3 orcs (D:3)
  4 bats
  7 endoplasms
  4 giant cockroaches
  5 goblins
  6 hobgoblins
  7 jackals (D:2)
  7 kobolds
  2 quokkas
  4 ball pythons
  3 frilled lizards
  10 rats
75 creatures vanquished.

Vanquished Creatures (others)
  4 toadstools (D:1)
4 creatures vanquished.

Grand Total: 79 creatures vanquished

Notes
Turn   | Place    | Note
-------+----------+-------------------------------------------
     0 | D:1      | BlueGoblin the Octopode Brigand began the quest for the
                  | Orb.
     0 | D:1      | Reached XP level 1. HP: 14/14 MP: 1/1
   137 | D:1      | Reached XP level 2. HP: 19/19 MP: 2/2
   148 | D:1      | Found Hemied's Jewellery Shoppe.
   205 | D:1      | Found a faded altar of an unknown god.
   586 | D:1      | Reached XP level 3. HP: 18/24 MP: 3/3
  1474 | D:2      | Reached XP level 4. HP: 28/29 MP: 4/4
  2010 | D:3      | Found Ozooq's Magic Scroll Emporium.
  2373 | D:3      | Found a sacrificial altar of Ru.
  2384 | D:3      | Noticed a scorpion
  2423 | D:3      | Reached XP level 5. HP: 11/34 MP: 5/5
  2639 | D:3      | Reached skill level 5 in Dodging
  2645 | D:3      | Found Zin's Purification Station.
  2648 | D:3      | Found a glowing silver altar of Zin.
  3158 | D:3      | Found a hide-covered altar of Uskayaw.
  3815 | D:4      | Reached skill level 1 in Shields
  3815 | D:4      | Reached XP level 6. HP: 39/39 MP: 6/6
  3836 | D:4      | Slain by an ogre

Illustrated notes

Levels and vault maps discovered:
D:1:      ldierk_water_garden, layout_loops_corners, serial_shops,
          nicolae_lakefront_shop, hellmonk_ecumenical_altar_zigzags
D:2:      layout_loops_ring
D:3:      minmay_skewed_foursquare, layout_loops_ring,
          mainiacjoe_overflow_paths, nicolae_uskayaw_murder_on_the_dancefloor,
          zin_purify, serial_shops, nicolae_square_shop, grunt_ministairs_8
D:4:      layout_loops_ring, makhleb_altar_promises_db, uniq_edmund,
          uniq_grinder

Skill      XL: |  1  2  3  4  5 |
---------------+----------------+-----
Dodging        | 2 3 4 5 |  5.8
Shields        | 1 |  1.3
Fighting       | |  2.0
Short Blades   | |  2.0
Throwing       | |  2.0
Stealth        | |  5.3

Action                   |  1- 3 |  4- 6 || total
-------------------------+-------+-------++-------
Melee: Dagger            |    67 |    77 ||   144
       Constrict         |    12 |    17 ||    29
       Tentacles         |    13 |    16 ||    29
  Use: Scroll            |       |     7 ||     7
 Stab: Sleeping          |    16 |    13 ||    29
Armor: Skin              |     4 |     3 ||     7
Dodge: Dodged            |    27 |    39 ||    66
Block: Tower shield      |       |     4 ||     4

Table legend: (Time is in decaauts)
 A = Elapsed time spent in this place.
 B = Non-inter-level travel time spent in this place.
 C = Inter-level travel time spent in this place.
 D = Time resting spent in this place.
 E = Time spent auto-exploring this place.
 F = Levels seen in this place.
 G = Mean time per level.
                   A        B        C        D        E       F      G
               +--------+--------+--------+--------+--------+-----+--------+
         Total |   3827 |   3661 |    166 |    339 |   2817 |   4 |  956.8 |
       Dungeon |   3827 |   3661 |    166 |    339 |   2817 |   4 |  956.8 |
               +--------+--------+--------+--------+--------+-----+--------+

Top non-repeatable levels by time:
     D:3: 1498 daAuts
     D:1: 1289 daAuts
     D:2: 711 daAuts
     D:4: 328 daAuts
